Map: Neon Violet Square LE

Players

Zanster - Winner!

  • Race: Zerg Zerg
  • Spawn Location: 11:00

Awers (Hades)

  • Race: Terran Terran
  • Spawn Location: 5:00

Event: IEM Season 12 - Katowice

VOD

Have the link to the VOD?

Description

Time

  • Played on: Feb. 26, 2018, 10:15 a.m.
  • Length: 14:35

All games in this series

Show
View Real Time Build Order
Export as new Build Order

Zanster Zerg - Winner!

Build Orders: Hatch First, Brood Lord Corruptor, Roach Hydra 

Get SALT Encoding   

  12  0:00  Drone  
  13  0:13  Overlord  
  13  0:17  Drone  
  14  0:31  Drone x2  
  14  0:35  Drone  
  17  0:52  Hatchery  
  17  0:56  Drone  
  17  0:59  Drone  
  18  1:10  Extractor  
  17  1:14  Spawning Pool  
  17  1:17  Drone  
  17  1:21  Drone  
  18  1:29  Drone  
  19  1:39  Drone  
  20  1:50  Overlord  
  20  2:04  Queen  
  20  2:05  Queen  
  20  2:06  Zergling x4  
  26  2:11  Metabolic Boost  
  26  2:21  Drone x2  
  26  2:22  Drone  
  29  2:27  Drone  
  30  2:38  Hatchery  
  30  2:39  Drone  
  30  2:43  Drone  
  31  2:49  Queen  
  33  2:51  Drone  
  33  2:54  Drone  
  35  2:58  Overlord  
  35  3:00  Drone  
  36  3:11  Overlord  
  36  3:16  Drone x2  
  36  3:17  Drone x3  
  36  3:19  Drone  
  42  3:21  Drone  
  42  3:23  Drone  
  44  3:32  Drone, Roach Warren  
  44  3:34  Extractor  
  44  3:35  Extractor  
  44  3:36  Zergling x2  
  44  3:38  Zergling x2  
  44  3:42  Overlord  
  44  3:44  Drone  
  44  3:45  Drone  
  44  3:47  Drone  
  47  3:49  Drone  
  47  3:51  Drone  
  47  3:53  Drone x2  
  51  3:59  Drone x3  
  51  4:02  Drone  
  55  4:08  Overlord  
  55  4:16  Lair  
  55  4:19  Overlord  
  55  4:23  Roach x4  
  62  4:27  Roach  
  62  4:31  Roach  
  66  4:32  Evolution Chamber  
  66  4:37  Roach  
  66  4:38  Roach x2  
  71  4:40  Roach  
  71  4:43  Overlord  
  73  4:50  Drone  
  73  4:51  Drone x4  
  78  4:55  Drone x3  
  81  5:00  Zerg Ground Armor Level 1  
  81  5:06  Drone x4  
  85  5:07  Drone  
  85  5:11  Overlord  
  86  5:17  Overlord  
  86  5:20  Glial Reconstitution  
  86  5:22  Overseer  
  86  5:23  Overlord  
  86  5:25  Overlord  
  86  5:26  Overlord, Extractor  
  85  5:38  Overlord  
  85  5:40  Ravager x2  
  85  5:41  Ravager  
  88  5:45  Hatchery  
  88  5:49  Overlord  
  87  5:50  Drone x8  
  87  5:53  Drone, Extractor x2  
  87  5:55  Queen  
  96  5:57  Drone  
  96  5:59  Drone  
  96  6:00  Drone  
  96  6:02  Drone x2  
  101  6:04  Drone  
  101  6:06  Drone x2  
  101  6:10  Infestation Pit  
  103  6:13  Drone  
  103  6:14  Drone  
  103  6:15  Hydralisk Den  
  104  6:19  Overlord  
  104  6:23  Drone x4  
  108  6:27  Overlord  
  108  6:32  Roach x5  
  118  6:34  Overlord  
  118  6:47  Hive  
  118  6:49  Grooved Spines  
  118  6:51  Drone  
  118  6:52  Drone x5  
  118  6:53  Evolution Chamber  
  123  6:56  Zerg Ground Armor Level 2  
  123  6:59  Hydralisk  
  123  7:00  Hydralisk x2  
  129  7:02  Hydralisk  
  129  7:03  Extractor  
  129  7:04  Extractor  
  129  7:10  Drone  
  129  7:14  Drone x4  
  134  7:15  Drone  
  134  7:16  Drone  
  134  7:21  Zerg Missile Weapons Level 1  
  134  7:22  Drone x3  
  139  7:26  Hatchery  
  139  7:28  Overlord  
  138  7:30  Spine Crawler  
  138  7:31  Overlord  
  138  7:34  Roach x4  
  145  7:45  Hydralisk x4  
  153  7:51  Overlord  
  152  8:01  Overlord, Muscular Augments  
  152  8:05  Viper x4  
  155  8:12  Overlord  
  163  8:13  Hatchery  
  163  8:19  Zergling x8  
  166  8:22  Hydralisk x7  
  166  8:25  Zergling x2  
  166  8:26  Zergling x8  
  184  8:37  Spire  
  183  8:45  Tunneling Claws  
  183  8:46  Burrow  
  183  8:47  Zergling x2  
  183  8:48  Zergling x26  
  190  9:01  Hydralisk x6  
  198  9:25  Zerg Missile Weapons Level 2  
  198  9:26  Zerg Ground Armor Level 3  
  198  9:30  Evolution Chamber  
  197  9:32  Spore Crawler  
  197  9:36  Spore Crawler  
  197  9:37  Spine Crawler x2  
  193  9:40  Spine Crawler x2  
  193  9:41  Extractor x2  
  150  10:01  Viper x2  
  150  10:06  Roach x12, Hydralisk x2  
  159  10:15  Drone x10  
  159  10:20  Drone  
  170  10:21  Greater Spire  
  170  10:23  Queen  
  172  10:29  Pneumatized Carapace  
  172  10:31  Drone, Zerg Melee Weapons Level 1  
  172  10:32  Drone x3  
  176  10:54  Corruptor  
  176  10:55  Corruptor x5  
  177  10:59  Drone x3  
  177  11:01  Drone  
  177  11:04  Roach x2, Drone  
  177  11:05  Drone  
  177  11:09  Drone x3  
  182  11:29  Drone  
  182  11:30  Drone x3  
  186  11:34  Drone  
  186  11:35  Drone  
  188  11:43  Zerg Missile Weapons Level 3  
  188  11:45  Zerg Flyer Armor Level 1  
  188  11:46  Brood Lord x5  
  198  11:52  Spine Crawler  
  198  11:54  Spine Crawler x2  
  196  11:55  Brood Lord  
  197  12:07  Overlord  
  197  12:18  Overlord x2  
  195  12:37  Overlord  
  195  12:49  Overlord x2  
  195  12:50  Corruptor x9  
  194  12:54  Drone  
  169  13:10  Viper x2  
  169  13:11  Viper x2  
  177  13:13  Roach, Hydralisk x3  
  168  13:20  Hydralisk  
  168  13:21  Zergling x24  
  168  13:25  Hydralisk  
  168  13:26  Hydralisk x4  
  178  13:33  Hydralisk x3  
  184  13:35  Roach  
  184  13:37  Drone  
  184  13:38  Drone x2  
  184  13:39  Drone  
  188  13:54  Hydralisk  
  188  13:55  Hydralisk  
  192  13:57  Hatchery  
Show
View Real Time Build Order
Export as new Build Order

Awers Terran 

Build Orders: Command Center First (CC), Mech 

Get SALT Encoding   

  12  0:01  SCV  
  13  0:14  SCV  
  14  0:18  Supply Depot  
  14  0:26  SCV  
  15  0:40  SCV  
  16  0:52  SCV  
  17  1:00  Command Center  
  17  1:04  SCV  
  18  1:14  Barracks  
  18  1:18  SCV  
  19  1:24  Refinery  
  19  1:28  Refinery  
  19  1:32  SCV  
  20  1:44  SCV  
  21  1:57  SCV  
  22  2:01  Reaper  
  23  2:09  Orbital Command  
  23  2:12  Orbital Command  
  23  2:21  Factory  
  23  2:33  Barracks Reactor  
  23  2:36  SCV  
  24  2:38  SCV  
  25  2:48  SCV  
  25  2:49  Factory  
  25  2:50  SCV  
  27  3:00  SCV  
  27  3:02  SCV  
  27  3:04  Armory  
  29  3:07  Supply Depot  
  29  3:12  SCV  
  30  3:14  Hellion x2  
  30  3:15  SCV  
  35  3:21  Barracks Reactor  
  35  3:23  Supply Depot  
  35  3:24  SCV  
  36  3:30  SCV  
  36  3:32  Cyclone  
  40  3:36  SCV  
  40  3:41  Hellion  
  43  3:43  Hellion  
  43  3:44  SCV  
  46  3:49  SCV  
  46  3:51  Supply Depot  
  46  3:54  Terran Vehicle Weapons Level 1  
  47  3:56  SCV  
  47  4:02  SCV  
  49  4:13  SCV  
  49  4:14  SCV  
  49  4:17  Command Center  
  50  4:21  Cyclone  
  53  4:25  SCV  
  53  4:26  SCV  
  53  4:27  Refinery x2  
  53  4:29  Cyclone  
  58  4:36  Supply Depot  
  58  4:37  SCV  
  58  4:38  SCV  
  60  4:48  Hellion, Factory  
  62  4:58  SCV x2, Hellion  
  66  5:00  Supply Depot  
  66  5:10  SCV x2  
  66  5:13  Factory  
  68  5:19  Supply Depot  
  68  5:22  SCV  
  68  5:23  Cyclone x2, Supply Depot  
  68  5:24  SCV  
  76  5:30  Orbital Command  
  76  5:34  SCV  
  77  5:36  Armory  
  77  5:39  SCV  
  77  5:41  Factory Tech Lab  
  78  5:50  Terran Vehicle Weapons Level 2  
  78  5:53  SCV  
  80  5:57  SCV  
  80  6:00  Factory Tech Lab  
  80  6:04  Siege Tank  
  80  6:05  SCV  
  80  6:09  SCV, Engineering Bay  
  85  6:14  Factory  
  85  6:16  Supply Depot, Refinery  
  85  6:18  SCV  
  86  6:19  SCV, Refinery  
  86  6:21  SCV  
  86  6:23  Siege Tank  
  91  6:31  Terran Vehicle And Ship Armor Level 1, SCV x2  
  91  6:44  SCV  
  91  6:46  Siege Tank, Command Center  
  90  6:47  SCV x2  
  90  6:50  Missile Turret  
  91  6:58  Starport  
  91  6:59  Factory Tech Lab  
  91  7:00  SCV  
  91  7:01  Siege Tank  
  95  7:07  Infernal Pre-Igniter  
  95  7:09  Hellion x3  
  95  7:10  Hellion  
  95  7:15  Supply Depot  
  103  7:17  Supply Depot  
  103  7:21  Siege Tank  
  109  7:26  Thor  
  112  7:34  Siege Tank  
  115  7:37  Starport Reactor  
  115  7:39  Hellion x3  
  121  7:55  Siege Tank  
  124  8:01  Liberator  
  124  8:05  Hellion x3  
  130  8:09  Starport  
  130  8:10  Command Center  
  136  8:20  Viking  
  136  8:22  SCV x2  
  136  8:24  Starport  
  137  8:28  Terran Vehicle Weapons Level 3  
  137  8:29  Hellion x4  
  145  8:39  Refinery  
  145  8:42  Refinery  
  145  8:47  Starport Tech Lab  
  145  8:50  Terran Vehicle And Ship Armor Level 2, Viking  
  147  9:07  Supply Depot x2  
  147  9:09  Supply Depot  
  147  9:10  Supply Depot  
  147  9:17  Orbital Command  
  147  9:21  Siege Tank x2  
  147  9:22  Hellion, Raven  
  147  9:23  Starport Tech Lab  
  157  9:24  Orbital Command  
  157  9:36  Hellion x3, Siege Tank  
  157  9:37  Viking x2  
  170  9:42  Missile Turret  
  142  9:54  Hellion x2, Siege Tank  
  142  9:56  Hellion  
  142  9:57  Hellion x5  
  134  10:01  Hellion  
  110  10:08  Siege Tank  
  110  10:13  Viking  
  110  10:14  Viking  
  106  10:16  Hellion  
  106  10:21  Raven  
  104  10:28  Raven  
  104  10:31  Hellion  
  108  10:43  Viking, Hellion, Siege Tank  
  108  10:44  Viking, Hellion  
  108  10:46  Smart Servos  
  111  11:02  Hellion x2, Siege Tank  
  112  11:05  Terran Ship Weapons Level 1, Liberator  
  112  11:07  Hellion, Siege Tank  
  117  11:16  Raven x2, Liberator  
  121  11:23  Hellion  
  124  11:35  Hellion x2  
  124  11:36  Hellion  
  131  11:40  Orbital Command  
  129  11:49  Hellion  
  131  11:55  Missile Turret  
  131  11:59  Viking x2  
  135  12:03  Missile Turret  
  135  12:05  Missile Turret  
  135  12:14  SCV  
  136  12:18  Hellion x2, Siege Tank  
  136  12:19  Refinery  
  143  12:28  Hellion x2, Siege Tank, Raven  
  152  12:37  Raven  
  152  12:48  Hellion x3  
  152  12:49  Hellion  
  157  12:52  Refinery  
  147  13:10  Viking x2  
  147  13:11  Raven  
  117  13:20  Raven  
  117  13:22  Hellion  
  111  13:31  Command Center  
  111  13:40  Viking  
  111  13:41  Viking  
  115  13:51  Starport  
  115  13:53  Command Center  
  115  13:54  Viking  
  117  13:58  Hellion x3  
  117  14:02  Hellion  
  125  14:03  Viking  
  118  14:11  Hellion x2  

Tags
 
Add a new tag
Caveats
  • Supply blocks, unpowered buildings, or Contaminate may cause inaccurate times.
  • Supply counts are checked every 10 seconds.